 Dungeon Crawl Stone Soup version 0.27-a0-1529-g1e82c303ef (webtiles) character file.

Game seed: 11677735381974954492

91 blackman the Chopper (level 4, -8/35 HPs)
             Began as a Human Wanderer on July 11, 2021.
             Killed by nerve-wracking pain
             ... invoked by an orc priest
              (9 damage)
             ... on level 3 of the Dungeon.
             The game lasted 00:05:19 (2877 turns).

blackman the Chopper (Human Wanderer)               Turns: 2877, Time: 00:05:19

Health: -8/35      AC: 12    Str: 16    XL:     4   Next: 87%
Magic:  4/4        EV:  9    Int: 11    God:
Gold:   112        SH:  0    Dex: 11    Spells: 2/3 levels left

rFire    . . .     SeeInvis .   d - +0 hand axe
rCold    . . .     Faith    .   (no shield)
rNeg     . . .     Spirit   .   b - +2 scale mail
rPois    .         Reflect  .   (no helmet)
rElec    .         Harm     .   (no cloak)
rCorr    .         Rampage  .   i - +0 pair of gloves
Will     .....                  j - +1 pair of boots
Stlth    ..........             (no amulet)
HPRegen  0.11/turn              m - ring of flight
MPRegen  0.09/turn              (no ring)

@: flying
A: no striking features
a: no special abilities


You were on level 3 of the Dungeon.
You visited 1 branch of the dungeon, and saw 3 of its levels.

You collected 112 gold pieces.

Inventory:

Hand Weapons
 a - a +0 club
 c - a +0 flail
 d - a +0 hand axe (weapon)
Missiles
 l - 8 atropa-tipped darts
 p - 3 javelins
Armour
 b - a +2 scale mail (worn)
 i - a +0 pair of gloves (worn)
 j - a +1 pair of boots (worn)
Magical Staves
 n - a staff of air
Jewellery
 m - a ring of flight (left hand)
Wands
 q - a wand of charming (9)
Scrolls
 h - a scroll of identify {unknown}
 k - a scroll of teleportation {unknown}
 o - a scroll of enchant weapon {unknown}
 s - a scroll of summoning {unknown}
Potions
 e - 2 potions of curing {unknown}
 f - a potion of lignification {unknown}
 g - a potion of attraction {unknown}
 r - a potion of degeneration {unknown}


   Skills:
 - Level 3.0 Fighting
 + Level 4.2 Axes
 - Level 4.0 Armour
 - Level 1.0 Shields
 - Level 1.0 Evocations


You had 2 spell levels left.
You knew the following spells:

 Your Spells              Type           Power      Damage    Failure   Level
a - Shock                 Conj/Air       0%         1d3       77%         1

Your spell library contained the following spells:

 Spells                   Type           Power      Damage    Failure   Level
 Passwall                 Tmut/Erth      0%         N/A       88%         2
 Conjure Flame            Conj/Fire      0%         6-21      98%         3
 Swiftness                Air            0%         N/A       98%         3
 Invisibility             Hex            0%         N/A       100%        6


Dungeon Overview and Level Annotations

Branches:
Dungeon (3/15)

Altars:

Shops:
D:1 !

Annotations:
D:2 1 runed translucent door, Crazy Yiuf


Message History

You hit the orc.
You kill the orc!
You hit the orc but do no damage. The orc hits you but does no damage.
You closely miss the orc priest. You hit the orc. The orc barely misses you.
The orc priest hits you with a +0 mace.
You hit the orc priest.
The orc priest is moderately wounded.
You barely miss the orc. The orc hits you but does no damage.
The orc priest hits you with a +0 mace. The orc hits you but does no damage.
The orc priest hits you but does no damage.
You closely miss the orc priest.
The orc priest is moderately wounded.
You closely miss the orc. The orc misses you.
The orc priest hits you but does no damage.
You barely miss the orc priest.
The orc priest is moderately wounded.
You hit the orc but do no damage. The orc barely misses you.
The orc priest hits you with a +0 mace.
You hit the orc priest.
The orc priest is severely wounded.
You hit the orc. The orc hits you but does no damage.
The orc priest hits you with a +0 mace.
You closely miss the orc priest.
The orc priest is severely wounded.
You hit the orc but do no damage. The orc priest barely misses you.
The orc hits you with a +0 club.
You closely miss the orc priest.
The orc priest is severely wounded.
You hit the orc but do no damage.
The orc priest mumbles some strange prayers to Beogh against you.
Beogh smites you!
* * * LOW HITPOINT WARNING * * *
The orc barely misses you.
You barely miss the orc priest.
The orc priest is severely wounded.
You hit the orc.
You kill the orc!
The orc priest calls down the wrath of Beogh upon you.
Pain shoots through your body!
You die...

#.......# #.......#
#......?####
#........... #
#>......# #
#.......# ....#
#...oo..# ###.#
#)##r#### ###
#@##.# ...
##o##.####### ##.
#######..†.o.......
.........##########
#. #######.## ..
#.# ## #.# #.# ##.
#.#


You could see an orc priest.

Vanquished Creatures
  Jessica (D:2)
  An adder (D:3)
  2 dart slugs (D:2)
  5 orcs (D:3)
  5 ball pythons
  3 endoplasms
  4 giant cockroaches
  3 goblins
  3 hobgoblins
  4 jackals (D:1)
  A kobold (D:1)
  A quokka (D:3)
  5 bats
  2 frilled lizards
  2 rats (D:1)
  A spectral hobgoblin (D:2)
43 creatures vanquished.

Notes
Turn   | Place    | Note
-------+----------+-------------------------------------------
     0 | D:1      | blackman the Human Wanderer began the quest for the Orb.
     0 | D:1      | blackman set off with the following items: a +0 club, a +2
                  | scale mail; and the following spell memorised: Shock; and
                  | the following spells available to memorise: Conjure Flame
     0 | D:1      | Reached XP level 1. HP: 18/18 MP: 1/1
   612 | D:1      | Reached XP level 2. HP: 21/24 MP: 2/2
   664 | D:1      | Found Toohok's Distillery.
  1402 | D:2      | Reached XP level 3. HP: 24/29 MP: 3/3
  1633 | D:2      | Noticed Jessica
  1640 | D:2      | Killed Jessica
  1641 | D:2      | Reached XP level 4. HP: 26/35 MP: 4/4
  1743 | D:2      | Found a faded altar of an unknown god.
  1805 | D:2      | Found a runed translucent door.
  1806 | D:2      | Noticed Crazy Yiuf
  2876 | D:3      | HP: 1/35 [orc priest/divine providence (11)]
  2877 | D:3      | Killed from afar by an orc priest

Illustrated notes

Levels and vault maps discovered:
D:1:      heliophobic_arrival_battle_scene, layout_basic, serial_shops, shop,
          minmay_pentomino_u2
D:2:      layout_loops_ring, dreamdust_ecumenical_altar_drowned_temple,
          minmay_worlds_worst_comb, uniq_jessica, uniq_crazy_yiuf_cottage
D:3:      layout_loops_ring, goddamned_bats

Skill      XL: |  1  2  3  4 |
---------------+-------------+-----
Axes           | 2 3 4 |  4.2
Fighting       | |  3.0
Armour         | |  4.0
Shields        | |  1.0
Evocations     | |  1.0

Action                   |  1- 3 |  4- 6 || total
-------------------------+-------+-------++-------
Melee: Club              |    34 |       ||    34
       Flail             |     8 |       ||     8
       Hand axe          |    78 |    94 ||   172
Armor: Scale mail        |    84 |    66 ||   150
Dodge: Dodged            |    82 |    49 ||   131

Table legend: (Time is in decaauts)
 A = Elapsed time spent in this place.
 B = Non-inter-level travel time spent in this place.
 C = Inter-level travel time spent in this place.
 D = Time resting spent in this place.
 E = Time spent auto-exploring this place.
 F = Levels seen in this place.
 G = Mean time per level.
                   A        B        C        D        E       F      G
               +--------+--------+--------+--------+--------+-----+--------+
         Total |   2910 |   2792 |    118 |    483 |   1801 |   3 |  970.0 |
       Dungeon |   2910 |   2792 |    118 |    483 |   1801 |   3 |  970.0 |
               +--------+--------+--------+--------+--------+-----+--------+

Top non-repeatable levels by time:
     D:1: 1320 daAuts
     D:2: 1108 daAuts
     D:3: 482 daAuts
